 Dungeon Crawl Stone Soup version 0.30-a0-596-g0af90f9a20 (webtiles) character file.

Game seed: 7845935520827322700

465 bmack86 the Trooper (level 6, -1/57 HPs)
             Began as a Minotaur Fighter on Jan 7, 2023.
             Slain by a scorpion (5 damage)
             ... on level 4 of the Dungeon.
             The game lasted 00:07:47 (3037 turns).

bmack86 the Trooper (Minotaur Fighter)              Turns: 3037, Time: 00:07:47

Health: -1/57      AC:  8    Str: 22    XL:     6   Next: 80%
Magic:  5/5        EV:  9    Int:  5    God:
Gold:   320        SH:  4    Dex: 10    Spells: 5/5 levels left

rFire   . . .      SeeInvis .    a - +0 war axe
rCold   . . .      Faith    .    c - +0 buckler
rNeg    . . .      Spirit   .    b - +0 scale mail
rPois   .          Reflect  .    (helmet restricted)
rElec   .          Harm     .    (no cloak)
rCorr   +          Rampage  .    (no gloves)
Will    .....                    s - +0 pair of boots Stlth
                                 (no amulet)
HPRegen 0.29/turn                i - ring of resist corrosion
MPRegen 0.09/turn                (no ring)

@: lethally poisoned (-1 -> -16)
A: horns 2, retaliatory headbutt
a: no special abilities


You were on level 4 of the Dungeon.
You visited 1 branch of the dungeon, and saw 4 of its levels.
You also visited: Sewer.

You collected 320 gold pieces.

Inventory:

Hand Weapons
 a - a +0 war axe (weapon)
Missiles
 h - a throwing net
 l - 11 poisoned darts (quivered)
Armour
 b - a +0 scale mail (worn)
 c - a +0 buckler (worn)
 s - a +0 pair of boots (worn)
Jewellery
 i - a ring of resist corrosion (left hand)
 C - a ring of magical power
Wands
 v - a wand of iceblast (7)
 y - a wand of polymorph (6)
Scrolls
 e - a scroll of summoning {unknown}
 m - 4 scrolls of magic mapping
 n - a scroll of blinking
 o - a scroll of immolation {unknown}
 q - a scroll of noise {unknown}
 r - a scroll of poison {unknown}
 t - a scroll of fog {unknown}
 u - a scroll of identify {unknown}
 w - a scroll of fear {unknown}
 A - a scroll of enchant weapon {unknown}
 D - a scroll of enchant armour {unknown}
Potions
 d - 5 potions of might
 f - 2 potions of magic {unknown}
 g - 3 potions of ambrosia {unknown}
 j - 6 potions of mutation {unknown}
 k - 2 potions of attraction {unknown}
 p - 3 potions of heal wounds {unknown}
 x - a potion of resistance {unknown}
 z - a potion of haste {unknown}
 B - a potion of degeneration {unknown}


   Skills:
 * Level 5.8 Fighting
 * Level 5.1 Axes
 + Level 2.4 Throwing
 + Level 4.7 Armour
 + Level 4.8 Shields


You had 5 spell levels left.
You didn't know any spells.
Your spell library contained the following spells:

 Spells                   Type           Power      Damage    Failure   Level
 Apportation              Tloc           0%         N/A       86%         1
 Necrotise                Necr           0%         1d4       86%         1
 Summon Small Mammal      Summ           0%         N/A       86%         1


Dungeon Overview and Level Annotations

Branches:
Dungeon (4/15)              Sewer (visited)
 Temple: D:4-7

Altars:
Nemelex Xobeh
Qazlal
Uskayaw


Innate Abilities, Weirdness & Mutations

You have a pair of horns on your head.
You reflexively headbutt those who attack you in melee.


Message History

You closely miss the ufetubus.
The ufetubus is heavily wounded.
You closely miss the scorpion.
You feel sick. The scorpion stings you.
You are more poisoned.
The scorpion poisons you!
The ufetubus hits you but does no damage.
The ufetubus closely misses you.
The scorpion stings you but does no damage.
The ufetubus barely misses you.
The ufetubus hits you but does no damage.
You slash the ufetubus!
You kill the ufetubus!
You closely miss the scorpion.
You feel very sick. The scorpion stings you.
You feel sick.
The scorpion stings you but does no damage.
The scorpion stings you.
* * * LOW HITPOINT WARNING * * *
You are more poisoned.
The scorpion poisons you!
You barely miss the scorpion.
The scorpion is heavily wounded.
* * * LOW HITPOINT WARNING * * *
You feel very sick. The scorpion barely misses you.
You hit the scorpion but do no damage.
The scorpion is heavily wounded.
* * * LOW HITPOINT WARNING * * *
You feel very sick. The scorpion misses you. The scorpion stings you.
* * * LOW HITPOINT WARNING * * *
You are lethally poisoned!
The scorpion poisons you!
You closely miss the scorpion.
The scorpion is heavily wounded.
* * * LOW HITPOINT WARNING * * *
You feel very sick. The scorpion stings you.
You die...

#.≈.#.≈...≈.#)≈.#.#
..≈.#.≈_.≈≈.#.≈.#.#
..≈.#.≈≈≈...#.≈.#.#
..≈.#....####.≈.#.#
#.≈.#####.....≈)#.#
..≈......≈≈≈≈≈≈.#.#
..≈≈≈≈≈≈≈.).))..#.#
.........########.#
......#### *,#@.#
....### #..s##
....# ***#.###*
....# *,...,,,*
....#####*#...,,,,*
..............,,,,*
....#######..,,,,,*
....# #..,,,,,*
....# *,,,,,,,*


You could see a scorpion.

Vanquished Creatures
  A kobold brigand (Sewer)
  A necrophage (D:4)
  2 hounds (D:4)
  Ijyb (D:4)
  4 gnolls (D:4)
  7 adders
  3 river rats (Sewer)
  2 ufetubi
  5 worms
  A dart slug (D:1)
  2 orcs (D:4)
  10 endoplasms
  8 giant cockroaches
  8 goblins
  6 hobgoblins
  4 jackals (D:1)
  3 quokkas (D:1)
  8 ball pythons
  6 bats
  3 frilled lizards
  8 kobolds
  5 rats
98 creatures vanquished.

Vanquished Creatures (others)
  A hound (D:4)
  35 plants (D:1)
36 creatures vanquished.

Grand Total: 134 creatures vanquished

Notes
Turn   | Place    | Note
-------+----------+-------------------------------------------
     0 | D:1      | bmack86 the Minotaur Fighter began the quest for the Orb.
     0 | D:1      | Reached XP level 1. HP: 19/19 MP: 0/0
    99 | D:1      | Reached XP level 2. HP: 26/27 MP: 1/1
   229 | D:1      | Found a faded altar of an unknown god.
   378 | D:1      | Reached XP level 3. HP: 29/33 MP: 2/2
  1122 | D:2      | Reached skill level 1 in Throwing
  1808 | D:3      | Reached XP level 4. HP: 41/41 MP: 3/3
  2212 | D:4      | Reached XP level 5. HP: 36/47 MP: 4/4
  2246 | D:4      | Reached skill level 5 in Fighting
  2274 | D:4      | Found a sparkling altar of Nemelex Xobeh.
  2302 | D:4      | Found a hide-covered altar of Uskayaw.
  2319 | D:4      | Found a glowing drain.
  2336 | D:4      | Reached XP level 6. HP: 46/56 MP: 5/5
  2358 | Sewer    | Entered a sewer
  2716 | Sewer    | Reached skill level 5 in Axes
  2815 | D:4      | Found a stormy altar of Qazlal.
  2851 | D:4      | Noticed Ijyb
  2865 | D:4      | Killed Ijyb
  3037 | D:4      | Slain by a scorpion

Illustrated notes

Levels and vault maps discovered:
D:1:      roderic_crop_circles_arrival_small, layout_rooms,
          ebering_ecumenical_altar_abandoned, minmay_pentomino_z4
D:2:      layout_basic
D:3:      layout_basic
D:4:      layout_rooms, nicolae_qazlal_scattered_showers,
          nicolae_overflow_squiral, nicolae_sif_muna_little_library,
          portal_sewer_entry_a, grunt_decor_arrowhead, uniq_robin, uniq_ijyb,
          uniq_blork_the_orc

Skill      XL: |  1  2  3  4  5  6 |
---------------+-------------------+-----
Fighting       | 4 5 |  5.8
Axes           | 3 4 5 |  5.1
Throwing       | 1 2 |  2.4
Armour         | 4 |  4.7
Shields        | 4 |  4.8

Action                   |  1- 3 |  4- 6 || total
-------------------------+-------+-------++-------
Melee: War axe           |    81 |   146 ||   227
       Headbutt          |    14 |    14 ||    28
Throw: Throwing net      |     1 |       ||     1
  Use: Scroll            |       |     2 ||     2
Armor: Scale mail        |    37 |    69 ||   106
Dodge: Dodged            |    43 |    68 ||   111
Block: Buckler           |    17 |    32 ||    49

Table legend: (Time is in decaauts)
 A = Elapsed time spent in this place.
 B = Non-inter-level travel time spent in this place.
 C = Inter-level travel time spent in this place.
 D = Time resting spent in this place.
 E = Time spent auto-exploring this place.
 F = Levels seen in this place.
 G = Mean time per level.
                   A        B        C        D        E       F      G
               +--------+--------+--------+--------+--------+-----+--------+
         Total |   3190 |   3107 |     83 |      0 |   1831 |   5 |  638.0 |
       Dungeon |   2657 |   2574 |     83 |      0 |   1645 |   4 |  664.2 |
         Sewer |    533 |    533 |      0 |      0 |    186 |   1 |  533.0 |
               +--------+--------+--------+--------+--------+-----+--------+

Top non-repeatable levels by time:
     D:3: 810 daAuts
     D:2: 788 daAuts
     D:1: 641 daAuts
   Sewer: 533 daAuts
     D:4: 417 daAuts
